 Dungeon Crawl Stone Soup version 0.20.1-1-g8b1a95d (webtiles) character file.

748 Mesmaeker13 the Skirmisher (level 7, 0/60 HPs)
             Began as a Demigod Fighter on Aug 13, 2017.
             Killed from afar by a scorpion (42 damage)
             ... with an exploding inner flame
             ... hexed by the player character
             ... on level 4 of the Dungeon.
             The game lasted 00:07:23 (4327 turns).

Mesmaeker13 the Skirmisher (Demigod Fighter)        Turns: 4327, Time: 00:07:25

Health: 0/60       AC:  8    Str: 21    XL:     7   Next: 23%
Magic:  9/9        EV: 10    Int: 14    God:
Gold:   164        SH: 12    Dex: 15    Spells: 6/6 levels left

rFire    x . .     SeeInvis .   a - +1 long sword
rCold    + . .     Gourm    .   c - +0 shield
rNeg     . . .     Faith    .   b - +0 scale mail
rPois    .         Spirit   .   (no helmet)
rElec    .         Reflect  +   (no cloak)
rCorr    .         Harm     .   (no gloves)
MR       .....                  o - +0 pair of boots
Stlth    ..........             j - +2 amulet of reflection
Regen    0.2/turn               g - ring of ice
MPRegen  0.2/turn               x - +3 ring of evasion

@: no status effects
A: high mp 1
a: no special abilities


You were on level 4 of the Dungeon.
You were hungry.

You visited 1 branch of the dungeon, and saw 4 of its levels.

You collected 164 gold pieces.

Inventory:

Hand Weapons
 a - a +1 long sword (weapon)
 e - a +0 vampiric hand axe
Armour
 b - a +0 scale mail (worn)
 c - a +0 shield (worn)
 o - a +0 pair of boots (worn)
 s - a +0 plate armour
 w - a +0 chain mail
Jewellery
 g - a ring of ice (left hand)
 j - a +2 amulet of reflection (around neck)
 x - a +3 ring of evasion (right hand)
Wands
 d - a wand of lightning (4/15)
Scrolls
 h - 3 scrolls of remove curse
 i - a scroll of fog
 u - a scroll of recharging
Potions
 m - a potion of berserk rage {unknown}
 n - a potion of curing
 t - a potion of resistance {unknown}
 v - a potion of ambrosia {unknown}
 z - a potion of heal wounds {unknown}
 A - a potion of degeneration {unknown}
Comestibles
 f - 3 bread rations
 l - 2 royal jellies
 p - 2 fruits
 B - a chunk of flesh


   Skills:
 + Level 4.7 Fighting
 + Level 3.9 Long Blades
 + Level 4.7 Armour
 + Level 4.6 Shields


You had 6 spell levels left.
You didn't know any spells.

Dungeon Overview and Level Annotations

Branches:
Dungeon (4/15)             Temple (0/1) D:4

Annotations:
D:3 dscm's ghost, amateur DrTm


Innate Abilities, Weirdness & Mutations

You have an increased reservoir of magic. (+10% MP)


Message History

Press: ? - help, Shift-Dir - straight line, f/p - scorpion
Aim: a scorpion (lightly wounded, inner flame)
Okay, then.
Evoke which item? (* to show all) (? for menu, Esc to quit)
Okay, then.
Okay, then.
Evoke which item? (* to show all) (? for menu, Esc to quit)
Aiming: Lightning Bolt (will waste charges)
Press: ? - help, Shift-Dir - straight line, f/p - scorpion
Aim: a scorpion (lightly wounded, inner flame)
You hear a mighty clap of thunder!
The bolt of lightning hits the scorpion.
The scorpion is almost dead.
Evoking this partially-identified wand wasted a few charges.
You hear a shout! x2
The scorpion barely misses you.
You riposte.
You slash the scorpion!
The scorpion explodes!
The fiery explosion engulfs you! The fire burns you terribly!
Ouch! That really hurt!
You die...

#..........................,,,,
#..........................,,,,
#.........s......##.#'##..,,,,,
#................#....##*******
#................#.....#
#..................(...#
############.#.###.##.####
##§#s# #.##>...# #.§.@#
#.#####.# ########.#####.####
#...........# #############


You could see a scorpion (inner flame).

Vanquished Creatures
  Pikel (D:4)
  An ogre (D:4)
  3 worker ants (D:4)
  4 adders
  2 oozes
  6 leopard geckos
  8 orcs
  2 ball pythons (D:2)
  17 bats
  A giant cockroach (D:4)
  3 goblins
  4 hobgoblins
  7 jackals
  6 kobolds
  3 quokkas
  5 frilled lizards
  A leopard gecko skeleton (D:3)
  8 rats
82 creatures vanquished.

Vanquished Creatures (others)
  2 slaves (D:4)
  A scorpion (D:4)
  3 orc wizards (D:4)
  3 orcs (D:4)
  A bat zombie (D:4)
  A leopard gecko skeleton (D:4)
11 creatures vanquished.

Grand Total: 93 creatures vanquished

Notes
Turn   | Place    | Note
-------+----------+-------------------------------------------
     0 | D:1      | Mesmaeker13 the Demigod Fighter began the quest for the Orb.
     0 | D:1      | Reached XP level 1. HP: 18/18 MP: 3/3
   268 | D:1      | Reached XP level 2. HP: 19/25 MP: 4/4
  1048 | D:2      | Reached XP level 3. HP: 31/31 MP: 5/5
  1514 | D:2      | Found a bloodstained altar of Trog.
  1770 | D:2      | Found a white marble altar of Elyvilon.
  1829 | D:2      | Found a basalt altar of Yredelemnul.
  1928 | D:3      | Noticed dscm's ghost (amateur DrTm)
  1941 | D:2      | Reached XP level 4. HP: 30/38 MP: 6/6
  3203 | D:4      | Reached XP level 5. HP: 27/46 MP: 7/7
  3487 | D:4      | Found a radiant altar of Vehumet.
  3880 | D:4      | Noticed Pikel
  3880 | D:4      | Noticed a slave
  3881 | D:4      | Noticed a slave
  3891 | D:4      | Noticed a slave
  3892 | D:4      | Noticed a slave
  3902 | D:4      | Killed Pikel
  3902 | D:4      | Reached XP level 6. HP: 9/53 MP: 8/8
  3902 | D:4      | Reached XP level 7. HP: 11/60 MP: 9/9
  4189 | D:4      | Found a staircase to the Ecumenical Temple.
  4327 | D:4      | Killed from afar by a scorpion

Skill      XL: |  1  2  3  4  5 |
---------------+----------------+-----
Shields        | 3 4 |  4.6
Fighting       | 3 4 |  4.7
Long Blades    | 2 3 |  3.9
Armour         | 3 4 |  4.7

Action                   |  1- 3 |  4- 6 |  7- 9 || total
-------------------------+-------+-------+-------++-------
Melee: Long sword        |   174 |   135 |    23 ||   332
Evoke: Wand              |       |       |     4 ||     4
  Use: Scroll            |     2 |       |     6 ||     8
       Potion            |       |     1 |     2 ||     3
  Eat: Chunk             |     4 |     6 |     1 ||    11
Armor: Scale mail        |   102 |    69 |     6 ||   177
Dodge: Dodged            |    82 |    53 |     7 ||   142
Block: Shield            |   163 |   125 |    25 ||   313
       Reflection        |     5 |       |       ||     5
       Rpst.: Long sword |    22 |    20 |     4 ||    46
